 Dungeon Crawl Stone Soup version 0.29.1-12-g30fa7ad0bf (webtiles) character file.

Game seed: 6245322675332140419

737 bubby the Cudgeller (level 7, -1/70 HPs)
             Began as a Troll Gladiator on Jan 14, 2023.
             Slain by a water moccasin (6 damage)
             ... on level 4 of the Dungeon.
             The game lasted 00:08:51 (2911 turns).

bubby the Cudgeller (Troll Gladiator)               Turns: 2911, Time: 00:08:52

Health: -1/70      AC:  4    Str: 31    XL:     7   Next: 46%
Magic:  6/6        EV: 11    Int:  4    God:
Gold:   223        SH:  0    Dex: 11    Spells: 5/6 levels left

rFire   . . .      SeeInvis .   w - +0 eveningstar
rCold   . . .      Faith    .   (no shield)
rNeg    . . .      Spirit   .   b - +0 robe
rPois   .          Reflect  .   c - +0 hat
rElec   .          Harm     .   (no cloak)
rCorr   .          Rampage  .   (gloves unavailable)
Will    .....                   (boots unavailable)
Stlth   +.........              (no amulet)
HPRegen 1.01/turn               A - +6 ring of strength
MPRegen 0.10/turn               (no ring)

@: lethally poisoned (-1 -> -1)
A: large, unfitting armour, claws 3, regeneration 1, shaggy fur 1, tough skin 1
a: no special abilities


You were on level 4 of the Dungeon.
You visited 1 branch of the dungeon, and saw 5 of its levels.

You collected 223 gold pieces.

Inventory:

Hand Weapons
 a - a +0 flail
 w - a +0 eveningstar (weapon)
Missiles
 d - 3 throwing nets (quivered)
 e - a large rock
Armour
 b - a +0 robe (worn)
 c - a +0 hat (worn)
Jewellery
 A - a +6 ring of strength (left claw)
Wands
 l - a wand of polymorph (7)
 y - a wand of charming (7)
Scrolls
 f - a scroll of blinking {unknown}
 g - 2 scrolls of vulnerability {unknown}
 i - 2 scrolls of enchant weapon {unknown}
 j - 3 scrolls of torment {unknown}
 m - 5 scrolls of teleportation {unknown}
 o - a scroll of fear {unknown}
 q - a scroll of brand weapon {unknown}
 t - 2 scrolls of enchant armour {unknown}
 v - 3 scrolls of noise {unknown}
 x - 3 scrolls of amnesia {unknown}
 B - a scroll of identify {unknown}
Potions
 h - 3 potions of curing {unknown}
 k - 3 potions of flight {unknown}
 n - a potion of berserk rage {unknown}
 p - 2 potions of degeneration {unknown}
 r - 2 potions of experience {unknown}
 s - a potion of mutation {unknown}
 u - a potion of haste {unknown}
 z - a potion of brilliance {unknown}


   Skills:
 + Level 4.2 Fighting
 + Level 5.1 Maces & Flails
 - Level 1.7 Throwing
 + Level 4.6 Dodging


You had 5 spell levels left.
You knew the following spells:

 Your Spells              Type           Power      Damage    Failure   Level
a - Beastly Appendage     Tmut           0%         N/A       50%         1

Your spell library contained the following spells:

 Spells                   Type           Power      Damage    Failure   Level
 Summon Small Mammal      Summ           0%         N/A       50%         1
 Blink                    Tloc           0%         N/A       65%         2
 Poisonous Vapours        Pois/Air       0%         N/A       65%         2
 Static Discharge         Conj/Air       0%         3-3/arc   65%         2
 Wereblood                Tmut           0%         N/A       65%         2
 Call Canine Familiar     Summ           0%         N/A       86%         3
 Lesser Beckoning         Tloc           0%         N/A       86%         3
 Spider Form              Tmut/Pois      0%         N/A       86%         3
 Summon Guardian Golem    Hex/Summ       0%         N/A       86%         3
 Corpse Rot               Necr/Pois/Air  0%         N/A       99%         4
 Dispel Undead            Necr           0%         3d6       99%         4
 Sticky Flame             Conj/Fire      0%         2d3       99%         4
 Manifold Assault         Tloc           0%         N/A       100%        5


Dungeon Overview and Level Annotations

Branches:
Dungeon (5/15)             Temple (0/1) D:4

Altars:

Shops:
D:3 [


Innate Abilities, Weirdness & Mutations

You are too large for most types of armour.
You have claws for hands.
Your natural rate of healing is unusually fast.
You are covered in fur. (AC +1)
You have tough skin. (AC +1)


Message History

You feel very sick.
There is a stone staircase leading up here.
You feel sick. The water moccasin closely misses you.
The orc closely misses you.
You climb upwards.
You feel sick.
There is a stone staircase leading down here.
You are too injured to fight recklessly!
You are too injured to fight recklessly!
You are too injured to fight recklessly!
You hit the orc.
The orc is severely wounded.
You feel sick. The water moccasin bites you.
* * * LOW HITPOINT WARNING * * *
The orc barely misses you. The water moccasin closely misses you.
You barely miss the orc.
The orc is severely wounded.
You feel sick. The water moccasin bites you.
* * * LOW HITPOINT WARNING * * *
You are more poisoned.
The water moccasin poisons you! The orc barely misses you.
You barely miss the orc.
The orc is severely wounded.
You feel very sick.
The water moccasin bites you but does no damage.
The orc barely misses you. The water moccasin closely misses you.
You hit the orc.
You kill the orc!
You feel very sick. The water moccasin bites you.
* * * LOW HITPOINT WARNING * * *
The water moccasin closely misses you.
You barely miss the water moccasin.
You feel very sick. The water moccasin bites you.
* * * LOW HITPOINT WARNING * * *
The water moccasin closely misses you.
You barely miss the water moccasin.
You feel sick. The water moccasin closely misses you.
You miss the water moccasin.
You feel sick. The water moccasin bites you.
You die...

.............#.#
####..######.#)#
####......##.#.#
.....####....#.#
.....# ###....#
.....# ##[..###
.....# #.#...#
....#### #.#.#S#
.......# #...)@#
.......###########
###....'...# #
#....###.######### #
#.###..#.#.......#
#.###..#.#.......#
#.#....#.#.......#
###.#....#.#####.#.#
..#.#...<#.......#.#


You could see a water moccasin.

Vanquished Creatures
  Sigmund (D:4)
  A black bear (D:4)
  A centaur (D:3)
  A necrophage (D:4)
  A scorpion (D:4)
  Terence (D:2)
  2 iguanas
  2 orc wizards
  6 adders
  2 worms
  A dart slug (D:2)
  7 orcs
  6 bats
  9 endoplasms
  2 giant cockroaches
  7 hobgoblins
  4 jackals (D:4)
  A quokka (D:1)
  6 ball pythons
  2 frilled lizards
  11 goblins
  9 kobolds
  5 rats
88 creatures vanquished.

Notes
Turn   | Place    | Note
-------+----------+-------------------------------------------
     0 | D:1      | bubby the Troll Gladiator began the quest for the Orb.
     0 | D:1      | Reached XP level 1. HP: 19/19 MP: 0/0
   169 | D:1      | Reached XP level 2. HP: 28/28 MP: 1/1
   235 | D:1      | Found a faded altar of an unknown god.
   266 | D:1      | Reached skill level 3 in Maces & Flails
   512 | D:2      | Reached XP level 3. HP: 15/35 MP: 2/2
   770 | D:2      | Reached XP level 4. HP: 43/44 MP: 3/3
   885 | D:2      | Noticed Terence
   892 | D:2      | Killed Terence
  1278 | D:3      | Found Tocigear's Armour Emporium.
  1312 | D:3      | Identified the +3 ring mail of Nom Obru {rC+ rN+ Int+4}
  1430 | D:3      | Reached XP level 5. HP: 43/52 MP: 4/4
  1718 | D:3      | Noticed a centaur
  1723 | D:3      | Killed a centaur
  1724 | D:3      | Reached skill level 4 in Maces & Flails
  2065 | D:4      | Reached XP level 6. HP: 28/57 MP: 5/5
  2273 | D:4      | Learned a level 1 spell: Beastly Appendage
  2333 | D:4      | Found a staircase to the Ecumenical Temple.
  2347 | D:4      | Noticed Sigmund
  2373 | D:4      | Killed Sigmund
  2444 | D:4      | Reached XP level 7. HP: 57/68 MP: 6/6
  2631 | D:4      | Reached skill level 5 in Maces & Flails
  2892 | D:5      | Entered Level 5 of the Dungeon
  2911 | D:4      | Slain by a water moccasin

Illustrated notes

Levels and vault maps discovered:
D:1:      zelgadis_glass_arrival_small, layout_rooms,
          ebering_ecumenical_altar_hall
D:2:      layout_loops_ring, roderic_roman_lattice, uniq_terence
D:3:      layout_loops_ring, serial_shops, shop
D:4:      minmay_skewed_foursquare, layout_basic, minmay_temple_entry_trees,
          uniq_sigmund
D:5:      layout_layer_cave, minitemple, serial_bayou, serial_bayou_pond_c,
          serial_bayou_lagoon_b, serial_bayou_pond_a, serial_bayou_pond_b,
          amethyst_killhole

Skill      XL: |  1  2  3  4  5  6  7 |
---------------+----------------------+-----
Fighting       | 2 3 4 |  4.2
Maces & Flails | 3 4 5 |  5.1
Dodging        | 3 4 |  4.6
Throwing       | |  1.7

Action                   |  1- 3 |  4- 6 |  7- 9 || total
-------------------------+-------+-------+-------++-------
Melee: Flail             |   119 |    38 |       ||   157
       Eveningstar       |       |    87 |    40 ||   127
       Punch             |       |     1 |     1 ||     2
 Stab: Sleeping          |       |     1 |     2 ||     3
Armor: Robe              |    64 |    44 |    15 ||   123
Dodge: Dodged            |    89 |    87 |    25 ||   201
